 Dungeon Crawl Stone Soup version 0.31-a0-965-g8a8ce12e04 (webtiles) character file.

Game seed: 17208816608630913126

129 LeprechaunX the Changeling (level 5, 0/46 (51) HPs)
             Began as an Octopode Shapeshifter on Oct 27, 2023.
             Slain by a kobold brigand
             ... wielding a +1 dagger of draining
              (1 damage)
             ... on level 3 of the Dungeon.
             The game lasted 00:03:07 (2250 turns).

LeprechaunX the Changeling (Octopode Shapeshifter)  Turns: 2250, Time: 00:03:07

HP:   0/46 (51)     AC: 22    Str: 13    XL:     5   Next: 12%
MP:   15/15         EV:  2    Int: 19    God:
Gold: 176           SH:  4    Dex: 13    Spells: 3/5 levels left

rFire   . .          .
                       - Unarmed
rCold   . . .        w - +0 buckler
rNeg    . . .        (helmet currently unavailable)
rPois   +            (no amulet)
rElec   .            f - ring of magical power
rCorr   .            s - +6 ring of intelligence
SInv    .            (no ring)
Will    .....        (no ring)
Stlth   +            (no ring)
HPRegen 0.27/turn    (no ring)
MPRegen 0.14/turn    (no ring)
                     (no ring)

%: no passive effects
@: lethally poisoned (0 -> -17), tree-form, drained
A: stationary, stasis, torment immunity, boosted hp, almost no armour,
(amphibious), 8 rings, (camouflage 1), (gelatinous body 1), (nimble swimmer 1),
(tentacles)
a: no special abilities


You were on level 3 of the Dungeon.
You were a tree.
You visited 1 branch of the dungeon, and saw 3 of its levels.

You collected 176 gold pieces.

Inventory:

Hand Weapons
 v - a +0 sling
Missiles
 d - 3 boomerangs (quivered)
Armour
 t - a +0 tower shield
 w - a +0 buckler (worn)
Jewellery
 f - a ring of magical power (left branch)
 s - a +6 ring of intelligence (right branch)
Talismans
 b - a beast talisman
 c - a flux talisman
Wands
 n - a wand of light (5)
 x - a wand of paralysis (13)
Scrolls
 e - a scroll of vulnerability {unknown}
 g - 2 scrolls of teleportation {unknown}
 i - a scroll of poison {unknown}
 j - a scroll of blinking {unknown}
 k - a scroll of enchant weapon {unknown}
 o - a scroll of silence {unknown}
 q - a scroll of immolation {unknown}
 r - a scroll of butterflies {unknown}
 u - 2 scrolls of identify {unknown}
 y - a scroll of amnesia {unknown}
Potions
 a - a potion of lignification
 h - a potion of might {unknown}
 l - a potion of brilliance {unknown}
 m - a potion of curing {unknown}
 p - a potion of heal wounds {unknown}


   Skills:
 + Level 2.2 Fighting
 - Level 2.0 Dodging
 + Level 0.4 Shields
 + Level 3.6 Unarmed Combat
 + Level 0.8 Spellcasting
 + Level 0.5 Transmutations
 + Level 1.1 Evocations
 * Level 4.0 Shapeshifting


You had 3 spell levels left.
You knew the following spells:

 Your Spells              Type           Power      Damage    Failure   Level
a - Wereblood             Tmut           2%         N/A       32%         2

Your spell library contained the following spells:

 Spells                   Type           Power      Damage    Failure   Level
 Freeze                   Ice            0%         1d3       26%         1
 Magic Dart               Conj           0%         1d3       26%         1
 Summon Small Mammal      Summ           0%         N/A       26%         1
 Searing Ray              Conj           0%         2d4       38%         2
 Sublimation of Blood     Necr           0%         N/A       38%         2
 Call Canine Familiar     Summ           0%         N/A       63%         3
 Frozen Ramparts          Ice            0%         1d1       63%         3
 Hailstorm                Conj/Ice       0%         3d3       63%         3
 Summon Guardian Golem    Hex/Summ       0%         N/A       63%         3
 Cause Fear               Hex            0%         N/A       95%         4
 Fulminant Prism          Conj/Hex       0%         3d5       95%         4
 Fireball                 Conj/Fire      0%         3d3       100%        5
 Summon Hydra             Summ           0%         N/A       100%        7
 Dragon's Call            Summ           0%         N/A       100%        9


Dungeon Overview and Level Annotations

Branches:
Dungeon (3/15)

Altars:
Ashenzari
Wu Jian

Shops:
D:3 (


Innate Abilities, Weirdness & Mutations

You are a tree.
Your roots penetrate the ground, keeping you stationary.
You cannot be teleported.
You are immune to unholy pain and torment.
Your maximum health is greatly increased.
You cannot wear most types of armour.
((You are amphibious.))
You can wear up to eight rings at the same time.
((Your skin changes colour to match your surroundings (Stealth+).))
((Your rubbery body absorbs attacks. (AC +1, EV +1)))
((You are camouflaged when in or above water. (Stealth+)))
((You have tentacles for arms and can constrict up to eight enemies at once.))


Message History

The kobold shouts!
The kobold brigand shouts!
The kobold hits you with a +0 dagger.
You tentacle-slap the kobold brigand. Your grab misses the kobold brigand.
The kobold brigand is lightly wounded.
You block the kobold's attack.
The kobold brigand hits you with a +2 dagger of venom!
You are poisoned.
You closely miss the kobold brigand. You grab the kobold brigand.
The kobold brigand is lightly wounded.
You constrict the kobold brigand.
You feel very sick. The kobold hits you with a +0 dagger.
You block the kobold brigand's attack.
The kobold brigand hits you with a +2 dagger of venom.
You are lethally poisoned!
Your transformation has ended.
You turn into a tree.
Your roots penetrate the ground.
You lose your grip on the kobold brigand.
You feel very sick. The kobold hits you but does no damage.
The kobold brigand hits you with a +1 dagger of draining.
* * * LOW HITPOINT WARNING * * *
You feel drained.
* * * LOW HITPOINT WARNING * * *
The kobold brigand hits you but does no damage.
You closely miss the kobold brigand.
The kobold brigand is lightly wounded.
* * * LOW HITPOINT WARNING * * *
You feel very sick. The kobold hits you but does no damage.
The kobold brigand hits you but does no damage.
You feel drained.
The kobold brigand hits you with a +2 dagger of venom.
* * * LOW HITPOINT WARNING * * *
You are more poisoned.
You hit the kobold brigand but do no damage.
The kobold brigand is lightly wounded.
* * * LOW HITPOINT WARNING * * *
You feel very sick.
The kobold brigand hits you with a +1 dagger of draining.
You die...

#.# # #########.#
..........###########
.########.....<~~~~~###
.# ###########~~~~~~~~#
.###.....###~~~~≈≈~~####
...)).))...######≈###...
..))#####.......###....?
.####≈≈≈###.....♣K...#
.# ~≈~~≈~~######KK.###
.##~~~~~~~~ #####
#####~~~#### # #####


You could see 2 kobold brigands and a kobold.

Vanquished Creatures
  6 adders
  A worm (D:2)
  A dart slug (D:1)
  7 endoplasms
  3 giant cockroaches (D:3)
  7 hobgoblins
  9 jackals
  A quokka (D:2)
  4 ball pythons
  8 bats
  4 frilled lizards
  A goblin (D:1)
  15 kobolds
  3 rats
70 creatures vanquished.

Notes
Turn   | Place    | Note
-------+----------+-------------------------------------------
     0 | D:1      | LeprechaunX the Octopode Shapeshifter began the quest for
                  | the Orb.
     0 | D:1      | Reached XP level 1. HP: 13/13 MP: 1/1
   325 | D:1      | Reached XP level 2. HP: 18/18 MP: 2/2
   678 | D:1      | Found a faded altar of an unknown god.
  1036 | D:2      | Reached XP level 3. HP: 17/23 MP: 3/3
  1311 | D:2      | Learned a level 2 spell: Wereblood
  1410 | D:2      | Reached XP level 4. HP: 25/29 MP: 4/4
  1597 | D:3      | Found a broken altar of Ashenzari.
  1719 | D:3      | Reached skill level 1 in Evocations
  1770 | D:3      | Found Biwoc's Weapon Shop.
  1901 | D:3      | Reached XP level 5. HP: 34/34 MP: 6/6
  1933 | D:3      | Found an ornate altar of the Wu Jian Council.
  2002 | D:3      | Reached skill level 4 in Shapeshifting
  2120 | D:3      | Noticed a kobold brigand
  2120 | D:3      | Noticed a kobold brigand
  2250 | D:3      | HP: 1/46 [poisoned by a kobold brigand]
  2250 | D:3      | Slain by a kobold brigand

Illustrated notes

Levels and vault maps discovered:
D:1:      dpeg_arrival_chambers_temple_mockup, layout_loops_ring,
          shapermc_ecumenical_altar_pompeii
D:2:      layout_basic, item_on_display_a
D:3:      cheibrodos_thug_alley, layout_basic, lemuel_round_altar,
          old_standard_altar, serial_shops, shop

Skill      XL: |  1  2  3  4  5 |
---------------+----------------+-----
Fighting       | 2 |  2.2
Evocations     | 1 |  1.1
Shapeshifting  | 4 |  4.0
Dodging        | |  2.0
Shields        | |  0.4
Unarmed Combat | |  3.6
Spellcasting   | |  0.8
Transmutations | |  0.5

Action                     |  1- 3 |  4- 6 || total
---------------------------+-------+-------++-------
  Melee: Unarmed           |    78 |    52 ||   130
         Constrict         |    23 |    12 ||    35
         Tentacles         |    13 |    11 ||    24
         Punch             |     3 |     1 ||     4
  Throw: Boomerang         |       |     1 ||     1
    Use: Potion            |       |     1 ||     1
   Stab: Sleeping          |     4 |     3 ||     7
 Armour: Skin              |    38 |    32 ||    70
  Dodge: Dodged            |    49 |    19 ||    68
  Block: Buckler           |       |     4 ||     4

Table legend: (Time is in decaauts)
 A = Elapsed time spent in this place.
 B = Non-inter-level travel time spent in this place.
 C = Inter-level travel time spent in this place.
 D = Time resting spent in this place.
 E = Time spent auto-exploring this place.
 F = Levels seen in this place.
 G = Mean time per level.
                   A        B        C        D        E       F      G
               +--------+--------+--------+--------+--------+-----+--------+
         Total |   2243 |   2151 |     92 |    100 |   1604 |   3 |  747.7 |
       Dungeon |   2243 |   2151 |     92 |    100 |   1604 |   3 |  747.7 |
               +--------+--------+--------+--------+--------+-----+--------+

Top non-repeatable levels by time:
     D:1: 968 daAuts
     D:3: 754 daAuts
     D:2: 521 daAuts
